 Dungeon Crawl Stone Soup version 0.28-a0-589-g333b8329f1 (webtiles) character file.

Game seed: 9343693027015288658

2097 Demosthentine the Spear-Bearer (level 9, -9/71 HPs)
             Began as a Merfolk Gladiator on Oct 4, 2021.
             Was a Follower of the Shining One.
             Mangled by a boulder beetle (45 damage)
             ... on level 7 of the Dungeon.
             The game lasted 00:06:57 (5798 turns).

Demosthentine the Spear-Bearer (Merfolk Gladiator)  Turns: 5798, Time: 00:06:57

Health: -9/71      AC:  5    Str: 16    XL:     9   Next: 28%
Magic:  9/9        EV: 16    Int:  8    God:    the Shining One [*.....]
Gold:   246        SH:  0    Dex: 16    Spells: 8/8 levels left

rFire   . . .      SeeInvis +   o - +0 trident (protect)
rCold   + . .      Faith    .   (no shield)
rNeg    . . .      Spirit   .   i - +0 leather armour {rC+}
rPois   .          Reflect  .   c - +1 helmet
rElec   .          Harm     .   (no cloak)
rCorr   .          Rampage  .   (no gloves)
Will    .....                   (no boots)
Stlth   +.........              k - amulet of regeneration
HPRegen 1.21/turn               j - ring of see invisible
MPRegen 0.11/turn               (no ring)

@: glowing
A: (nimble swimmer 2), mertail
a: Renounce Religion


You were on level 7 of the Dungeon.
You worshipped the Shining One.
The Shining One was aware of your devotion.
You visited 2 branches of the dungeon, and saw 8 of its levels.

You collected 246 gold pieces.

Inventory:

Hand Weapons
 o - a +0 trident of protection (weapon)
Missiles
 d - 2 throwing nets (quivered)
Armour
 c - a +1 helmet (worn)
 i - a +0 leather armour of cold resistance (worn)
Jewellery
 j - a ring of see invisible (left hand)
 k - an amulet of regeneration (around neck)
Wands
 b - a wand of polymorph (2)
 f - a wand of flame (23)
 s - a wand of digging (5)
 t - a wand of iceblast (11)
Scrolls
 e - a scroll of holy word {unknown}
 l - 2 scrolls of teleportation
 u - a scroll of magic mapping
 v - 2 scrolls of fear
 w - a scroll of enchant weapon {unknown}
 x - a scroll of identify
 y - a scroll of torment {unknown}
Potions
 a - 3 potions of lignification {unknown}
 g - 2 potions of attraction
 h - a potion of cancellation
 m - 2 potions of mutation {unknown}
 n - a potion of invisibility {unknown}
 p - a potion of heal wounds {unknown}
 q - 2 potions of flight {unknown}
 r - a potion of curing {unknown}


   Skills:
 + Level 6.8 Fighting
 + Level 9.6 Polearms
 - Level 2.0 Throwing
 + Level 4.3 Armour
 + Level 8.8 Dodging


You had 8 spell levels left.
You didn't know any spells.
Your spell library contained the following spells:

 Spells                   Type           Power      Damage    Failure   Level
 Freeze                   Ice            0%         1d3       45%         1
 Frozen Ramparts          Ice            0%         1d2       83%         3
 Ignite Poison            Fire/Tmut/Pois 0%         N/A       83%         3
 Mephitic Cloud           Conj/Pois/Air  0%         N/A       83%         3
 Hailstorm                Conj/Ice       0%         3d3       99%         4
 Freezing Cloud           Conj/Ice/Air   0%         6-21      100%        5


Dungeon Overview and Level Annotations

Branches:
Dungeon (7/15)             Temple (1/1) D:4

Altars:
Ashenzari
Cheibriados
Dithmenos
Elyvilon
Fedhas
Hepliaklqana
Kikubaaqudgha
Nemelex Xobeh
Okawaru
Qazlal
Ru
Trog
Uskayaw
Vehumet
Wu Jian
Xom
Yredelemnul
Zin
The Shining One

Shops:
D:2 ?


Innate Abilities, Weirdness & Mutations

((You are quick and stealthy near water. (Stealth+, EV+, Speed+++)))
Your lower body shifts to a powerful aquatic tail in water.


Message History

There are monsters nearby!
You hit the boulder beetle.
The boulder beetle is lightly wounded.
You hit the boulder beetle but do no damage.
The boulder beetle is lightly wounded.
The boulder beetle bites you!!
There are monsters nearby!
You hit the boulder beetle but do no damage.
The boulder beetle is lightly wounded.
The boulder beetle bites you!
You hit the boulder beetle but do no damage.
The boulder beetle is lightly wounded.
The boulder beetle closely misses you.
You hit the boulder beetle but do no damage.
The boulder beetle is lightly wounded.
The boulder beetle completely misses you.
The sky beast hits you but does no damage.
You hit the boulder beetle.
The boulder beetle is lightly wounded.
The boulder beetle bites you!!
* * * LOW HITPOINT WARNING * * *
Unknown command.
The sky beast misses you.
Unknown command.
Unknown command.
Unknown command.
Unknown command.
Unknown command.
The sky beast flickers out of sight for a moment.
The sky beast closely misses you.
Unknown command.
Unknown command.
The boulder beetle curls into a ball and begins rolling!
Unknown command.
The boulder beetle closely misses you.
The boulder beetle stops rolling and uncurls.
The boulder beetle curls into a ball and begins rolling!
The boulder beetle hits you!!!
Ouch! That really hurt!
You die...

.............#..)### ##.
...........####....# #.# ...
..............##.##.. # .. #.#
..........[##....###. . #.
#.##.......<..#####..###. . #.##
#.#....####..## #.....#
.###..###...#######..## #..##.#
..###......#......##..## #..##.#
...##.○##...°°YB@.<##..####..##..
...##....#..........#.....#..####
......##.#..........###..........
....####.#..........# ##......##.
...## #.#..........# #.....(..#
...# #.#..........# #..##.##..
.... #..#........## #.###.####
...# ##..........## #.# #.# ....
##..........# #.# #.####


You could see a boulder beetle (rolling) and a sky beast (invisible).

Vanquished Creatures
  3 yaks (D:7)
  Eustachio (D:5)
  A steam dragon (D:7)
  2 water moccasins
  A black bear (D:4)
  An ice beast (D:5)
  3 sky beasts
  Blork the orc (D:5)
  A scorpion (D:4)
  A centaur zombie (D:5)
  2 jellies (D:5)
  3 hounds
  2 iguanas
  Natasha (thrice) (D:3)
  Ijyb (D:4)
  An orc wizard (D:4)
  8 gnolls
  6 adders
  A shadow imp (D:5)
  An ufetubus (D:5)
  4 worms
  2 dart slugs
  10 orcs
  10 endoplasms
  4 giant cockroaches
  5 hobgoblins
  2 jackals (D:4)
  7 kobolds
  6 quokkas
  8 ball pythons
  3 bats
  7 goblins
  2 rats (D:2)
113 creatures vanquished.

Vanquished Creatures (others)
  12 plants (D:3)
  4 toadstools (D:1)
16 creatures vanquished.

Grand Total: 129 creatures vanquished

Notes
Turn   | Place    | Note
-------+----------+-------------------------------------------
     0 | D:1      | Demosthentine the Merfolk Gladiator began the quest for the
                  | Orb.
     0 | D:1      | Reached XP level 1. HP: 16/16 MP: 1/1
    17 | D:1      | Found a faded altar of an unknown god.
   278 | D:1      | Reached XP level 2. HP: 11/23 MP: 2/2
   967 | D:2      | Found Aplot's Magic Scroll Boutique.
  1014 | D:2      | Reached XP level 3. HP: 28/28 MP: 3/3
  1559 | D:2      | Reached skill level 5 in Polearms
  1938 | D:3      | Reached skill level 1 in Armour
  2103 | D:3      | Noticed Natasha
  2114 | D:3      | Killed Natasha
  2115 | D:3      | Reached XP level 4. HP: 31/35 MP: 4/4
  2136 | D:3      | Noticed Natasha
  2148 | D:3      | Killed Natasha
  2149 | D:3      | Reached skill level 5 in Dodging
  2439 | D:3      | Reached XP level 5. HP: 41/41 MP: 5/5
  2494 | D:3      | Noticed Natasha
  2500 | D:3      | Killed Natasha
  3318 | D:4      | Found a staircase to the Ecumenical Temple.
  3335 | D:4      | Reached skill level 6 in Polearms
  3342 | Temple   | Entered the Ecumenical Temple
  3517 | Temple   | Became a worshipper of the Shining One
  3579 | D:4      | Noticed Ijyb
  3603 | D:4      | Killed Ijyb
  3604 | D:4      | Reached XP level 6. HP: 9/48 MP: 6/6
  3648 | D:4      | You fall into a shaft and drop 2 floors!
  3701 | D:5      | Entered Level 5 of the Dungeon
  3701 | D:5      | Noticed Blork the orc
  3702 | D:5      | Found a shadowy altar of Dithmenos.
  3716 | D:5      | Killed Blork the orc
  3722 | D:5      | Found a basalt altar of Yredelemnul.
  3744 | D:5      | Noticed a water moccasin
  3763 | D:5      | Killed a water moccasin
  3764 | D:5      | Reached XP level 7. HP: 38/55 MP: 7/7
  3836 | D:5      | Reached skill level 7 in Polearms
  4030 | D:4      | Reached skill level 5 in Fighting
  4521 | D:4      | Reached XP level 8. HP: 45/62 MP: 8/8
  4597 | D:5      | Noticed Eustachio
  4612 | D:5      | Killed Eustachio
  4612 | D:5      | Reached * piety under the Shining One
  4613 | D:5      | Reached skill level 8 in Polearms
  5170 | D:6      | Noticed a seven-headed hydra
  5538 | D:7      | Noticed a yak
  5538 | D:7      | Noticed a yak
  5541 | D:7      | Noticed a yak
  5549 | D:7      | Killed a yak
  5550 | D:7      | Reached skill level 9 in Polearms
  5556 | D:7      | Killed a yak
  5557 | D:7      | Reached XP level 9. HP: 53/71 MP: 9/9
  5774 | D:7      | Noticed a boulder beetle
  5798 | D:7      | Mangled by a boulder beetle

Illustrated notes

Levels and vault maps discovered:
D:1:      ldierk_water_garden, layout_loops_corners,
          shapermc_ecumenical_altar_venn, hangedman_decor_clover_reticule,
          minmay_misc_feat_secret_circle
D:2:      layout_basic, serial_shops, shop
D:3:      layout_loops_ring, serial_forest, infiniplex_forest_straight_2,
          infiniplex_forest_clump_long, infiniplex_forest_zigzag_2,
          infiniplex_forest_clump_large, infiniplex_forest_clump_medium,
          infiniplex_forest_clump_diagonal, infiniplex_forest_straight_4,
          infiniplex_forest_zigzag_1, infiniplex_forest_clump_double,
          infiniplex_forest_clump_C, saegor_snake_ambush, uniq_natasha
D:4:      layout_gridville, minmay_temple_entry_glass, uniq_ijyb
D:5:      layout_cave_pools, chequers_temple_overflow_statue_of_worship,
          uniq_blork_the_orc, uniq_eustachio
D:6:      layout_loops_ring
D:7:      layout_rooms
Temple:   minmay_crystal_spiral_temple

Skill      XL: |  1  2  3  4  5  6  7  8 |
---------------+-------------------------+-----
Polearms       | 5 6 7 9 |  9.6
Armour         | 1 2 3 4 |  4.3
Fighting       | 3 4 5 6 |  6.8
Dodging        | 5 6 7 8 |  8.8
Throwing       | |  2.0

Action                   |  1- 3 |  4- 6 |  7- 9 || total
-------------------------+-------+-------+-------++-------
Melee: Trident           |   140 |   170 |   266 ||   576
Throw: Throwing net      |       |     3 |     2 ||     5
  Use: Scroll            |     3 |     4 |     2 ||     9
       Potion            |       |       |     1 ||     1
 Stab: Sleeping          |     3 |     1 |       ||     4
Armor: Leather armour    |    35 |    30 |    81 ||   146
Dodge: Dodged            |    56 |    97 |   170 ||   323

Table legend: (Time is in decaauts)
 A = Elapsed time spent in this place.
 B = Non-inter-level travel time spent in this place.
 C = Inter-level travel time spent in this place.
 D = Time resting spent in this place.
 E = Time spent auto-exploring this place.
 F = Levels seen in this place.
 G = Mean time per level.
                   A        B        C        D        E       F      G
               +--------+--------+--------+--------+--------+-----+--------+
         Total |   5737 |   5601 |    136 |      7 |   4458 |   8 |  717.1 |
       Dungeon |   5518 |   5406 |    112 |      7 |   4347 |   7 |  788.3 |
        Temple |    218 |    194 |     24 |      0 |    111 |   1 |  218.0 |
               +--------+--------+--------+--------+--------+-----+--------+

Top non-repeatable levels by time:
     D:3: 1324 daAuts
     D:2: 972 daAuts
     D:1: 958 daAuts
     D:4: 751 daAuts
     D:6: 654 daAuts
     D:5: 573 daAuts
     D:7: 283 daAuts
  Temple: 218 daAuts
